Map: [ESL] Hecate

Players

GuMiho - Winner!

  • Race: Terran Terran
  • Spawn Location: 1:00

trigger

  • Race: Protoss Protoss
  • Spawn Location: 7:00

Event: IEM Katowice 2024

VOD

Have the link to the VOD?

Description

Time

  • Played on: Feb. 8, 2024, 6:27 a.m.
  • Length: 9:53

All games in this series

Show
View Real Time Build Order
Export as new Build Order

GuMiho Terran - Winner!

Build Orders: Cyclone Opening 

Get SALT Encoding   

  12  0:00  SCV  
  13  0:12  SCV  
  14  0:17  Supply Depot  
  14  0:24  SCV  
  15  0:38  SCV  
  15  0:40  Barracks  
  16  0:44  Refinery  
  16  0:50  SCV  
  16  0:53  Refinery  
  17  1:03  SCV  
  18  1:15  SCV  
  19  1:26  Reaper  
  19  1:27  Orbital Command  
  20  1:40  Supply Depot  
  20  1:42  Factory  
  20  1:53  SCV  
  21  2:05  SCV  
  21  2:17  SCV  
  22  2:23  Command Center  
  22  2:25  Cyclone  
  22  2:27  Barracks Reactor  
  24  2:30  SCV  
  25  2:40  Starport  
  25  2:42  SCV  
  26  2:53  Supply Depot  
  26  2:54  SCV  
  26  2:58  Widow Mine  
  31  3:09  SCV  
  30  3:16  Medivac  
  30  3:18  Marine x2  
  34  3:21  Widow Mine, SCV  
  37  3:28  Barracks  
  37  3:33  SCV  
  38  3:36  Orbital Command  
  38  3:38  Marine  
  38  3:40  Marine  
  40  3:43  Factory Tech Lab  
  40  3:45  SCV  
  41  3:56  Marine  
  41  3:57  SCV  
  41  3:58  Marine  
  41  4:01  SCV  
  45  4:03  Siege Tank  
  45  4:08  Liberator  
  45  4:09  SCV  
  52  4:14  SCV, Supply Depot  
  53  4:19  Marine  
  53  4:23  SCV, Marine  
  54  4:26  Barracks Tech Lab  
  54  4:28  Supply Depot  
  54  4:32  SCV  
  54  4:35  SCV  
  54  4:36  Siege Tank  
  57  4:40  Supply Depot  
  57  4:41  Marine x2  
  57  4:44  Stimpack  
  57  4:45  Marine  
  59  4:46  SCV  
  59  4:47  SCV  
  59  4:50  Supply Depot  
  62  4:57  Supply Depot  
  62  4:58  SCV  
  62  4:59  SCV  
  64  5:00  Medivac  
  64  5:01  Marine x2  
  64  5:03  Marine  
  69  5:10  Supply Depot  
  69  5:11  SCV x2  
  71  5:18  Siege Tank  
  74  5:22  Marine  
  74  5:23  SCV, Refinery  
  74  5:25  Marine  
  77  5:28  Marine  
  78  5:36  SCV x2  
  78  5:40  Marine  
  78  5:43  Marine  
  78  5:47  Marauder  
  78  5:48  SCV  
  78  5:49  SCV  
  83  5:50  Command Center  
  83  5:58  Marine  
  83  6:00  SCV, Marine  
  83  6:01  SCV  
  83  6:02  Barracks  
  87  6:08  Starport Reactor, Supply Depot x2  
  87  6:09  Engineering Bay  
  87  6:10  Marauder  
  89  6:13  SCV x2  
  91  6:22  Siege Tank  
  91  6:25  SCV x2  
  95  6:31  Marine  
  95  6:34  Marine x2  
  95  6:37  SCV x2  
  97  6:46  Barracks  
  97  6:47  Barracks  
  91  6:48  Marine  
  91  6:49  SCV  
  91  6:50  SCV  
  91  6:52  Barracks Tech Lab, Marine x2  
  91  6:53  Medivac x2  
  98  6:56  Refinery  
  98  7:01  Combat Shield, SCV  
  98  7:03  Terran Infantry Weapons Level 1  
  98  7:06  SCV  
  99  7:11  Orbital Command  
  99  7:13  Marauder, SCV  
  99  7:19  Marauder  
  101  7:23  Marine x2  
  103  7:34  Factory Reactor  
  103  7:35  Marauder  
  102  7:40  Marine  
  98  7:44  Marine  
  98  7:46  SCV x2  
  100  7:51  Barracks Reactor, Barracks Tech Lab  
  100  7:52  Marine  
  100  7:54  Orbital Command  
  100  7:56  Marauder  
  100  7:58  SCV, Marine  
  99  7:59  SCV  
  90  8:06  Marine  
  90  8:09  Marine  
  90  8:10  Liberator x2  
  90  8:11  SCV x2  
  96  8:16  Marauder  
  96  8:17  Marauder  
  96  8:18  Supply Depot x3  
  101  8:20  SCV  
  101  8:23  SCV x2  
  101  8:24  Armory, Marine  
  101  8:25  Marauder, Concussive Shells  
  106  8:32  Missile Turret, SCV  
  106  8:33  Marine x2  
  109  8:35  SCV x2, Marine  
  109  8:37  Marine  
  109  8:39  Marauder  
  109  8:40  Widow Mine x2  
  119  8:42  Supply Depot  
  119  8:45  SCV, Supply Depot  
  119  8:47  Marine, SCV  
  119  8:48  Marauder  
  124  8:54  Marine  
  124  8:55  Marauder, Marine x2  
  127  8:59  Liberator x2  
  127  9:00  Marauder  
  135  9:08  Widow Mine x2  
  135  9:09  Marauder  
  141  9:10  Supply Depot  
  141  9:12  Supply Depot, Marine x2  
  141  9:16  Engineering Bay  
  141  9:17  Marauder  
  145  9:20  Marine x2  
  145  9:22  Marauder  
  149  9:30  Marauder, Widow Mine x2, Marine x2  
  160  9:40  Command Center  
Show
View Real Time Build Order
Export as new Build Order

trigger Protoss 

Build Orders: 1 Gate Expand, Blink Stalkers 

Get SALT Encoding   

  12  0:00  Probe  
  13  0:12  Probe  
  14  0:17  Pylon  
  14  0:24  Probe (Chrono Boost)  
  16  0:37  Gateway, Probe (Chrono Boost)  
  16  0:43  Probe (Chrono Boost)  
  16  0:46  Assimilator  
  17  0:51  Probe  
  18  1:03  Probe  
  19  1:15  Probe  
  20  1:24  Cybernetics Core  
  20  1:32  Nexus  
  20  1:39  Pylon  
  20  1:41  Probe  
  21  1:47  Assimilator  
  22  1:57  Stalker (Chrono Boost)  
  23  2:02  Shield Battery  
  23  2:05  Probe  
  24  2:11  Warp Gate  
  23  2:17  Probe (Chrono Boost)  
  23  2:21  Adept  
  26  2:27  Probe (Chrono Boost)  
  27  2:31  Twilight Council  
  27  2:33  Probe (Chrono Boost)  
  28  2:44  Probe (Chrono Boost)  
  29  2:48  Probe (Chrono Boost)  
  30  2:51  Stalker  
  30  2:55  Probe (Chrono Boost)  
  34  3:00  Probe x2 (Chrono Boost)  
  35  3:05  Gateway  
  35  3:06  Blink (Chrono Boost)  
  35  3:08  Probe  
  36  3:16  Probe  
  37  3:21  Probe  
  37  3:24  Pylon  
  38  3:29  Probe  
  38  3:34  Gateway  
  39  3:36  Probe  
  39  3:41  Probe  
  41  3:48  Probe  
  41  3:53  Probe  
  43  4:01  Stalker x2  
  47  4:03  Probe  
  48  4:14  Nexus, Probe  
  48  4:15  Probe  
  48  4:26  Probe, Pylon  
  48  4:27  Probe  
  49  4:36  Stalker x2  
  49  4:38  Probe  
  54  4:44  Probe  
  55  4:47  Robotics Facility  
  55  4:49  Stalker, Pylon  
  55  4:51  Probe  
  58  4:59  Stalker x2  
  62  5:02  Assimilator  
  62  5:03  Probe  
  62  5:06  Pylon  
  61  5:08  Charge  
  61  5:14  Forge  
  61  5:15  Probe  
  61  5:20  Probe (Chrono Boost)  
  63  5:27  Probe (Chrono Boost)  
  63  5:28  Probe (Chrono Boost)  
  65  5:32  Probe (Chrono Boost)  
  65  5:35  Stalker x2  
  71  5:37  Probe (Chrono Boost)  
  71  5:38  Probe (Chrono Boost)  
  71  5:39  Probe (Chrono Boost)  
  71  5:41  Probe (Chrono Boost)  
  73  5:43  Probe  
  73  5:47  Protoss Ground Weapons Level 1 (Chrono Boost)  
  75  5:50  Observer  
  75  5:54  Probe  
  71  5:59  Shield Battery  
  71  6:00  Probe x2  
  71  6:03  Zealot x3  
  79  6:13  Gateway  
  79  6:15  Gateway  
  77  6:23  Stalker x3  
  77  6:24  Gateway  
  83  6:26  Probe  
  73  6:35  Immortal  
  73  6:38  Pylon  
  77  6:46  Stalker x3  
  68  6:49  Probe  
  68  6:54  Probe  
  60  7:01  Probe  
  60  7:05  Pylon  
  60  7:11  Zealot x4  
  60  7:14  Zealot  
  69  7:25  Zealot  
  71  7:32  Zealot x4  
  78  7:37  Pylon, Probe  
  58  7:46  Zealot x2  
  62  7:53  Zealot x4  
  66  8:05  Protoss Ground Armor Level 1 (Chrono Boost)  
  58  8:07  Nexus  
  58  8:08  Nexus  
  58  8:17  Stalker x2  
  62  8:25  Shield Battery  
  62  8:28  Robotics Facility  
  62  8:29  Stalker  
  62  8:33  Stalker  
  66  8:41  Probe x2  
  68  8:43  Zealot x2  
  68  8:44  Sentry  
  68  8:46  Sentry  
  76  8:52  Assimilator  
  76  9:00  Zealot x2  
  80  9:04  Gateway  
  80  9:17  Observer (Chrono Boost)  
  80  9:18  Zealot x2  
  80  9:21  Probe x2  
  80  9:22  Probe  
  86  9:29  Robotics Bay  
  86  9:30  Zealot x2  
  81  9:38  Zealot x3  
  81  9:42  Zealot  

Tags
 
Add a new tag
Caveats
  • Supply blocks, unpowered buildings, or Contaminate may cause inaccurate times.
  • Supply counts are checked every 10 seconds.